 Dungeon Crawl Stone Soup version 0.24-a0-429-g4608c8fa30 (webtiles) character file.

Game seed: 16269310792466384992

403 theanonym the Magician (level 6, 0/36 HPs)
             Began as an Octopode Wizard on June 13, 2019.
             Slain by Edmund
             ... wielding a +5 dire flail of draining
              (17 damage)
             ... on level 4 of the Dungeon.
             The game lasted 00:06:43 (3678 turns).

theanonym the Magician (Octopode Wizard)            Turns: 3678, Time: 00:06:44

Health: 0/36       AC:  1    Str:  6    XL:     6   Next: 86%
Magic:  6/12       EV: 13    Int: 22    God:
Gold:   173        SH:  0    Dex: 11    Spells: 4/13 levels left

rFire    . . .     SeeInvis .   k - +0 dagger (venom)
rCold    . . .     Gourm    .   (no shield)
rNeg     . . .     Faith    .   a - +0 hat
rPois    .         Spirit   .   (no amulet)
rElec    .         Reflect  .   (no ring)
rCorr    .         Harm     .   (no ring)
MR       .....                  (no ring)
Stlth    +++.......             (no ring)
HPRegen  0.12/turn              (no ring)
MPRegen  0.13/turn              (no ring)
                                (no ring)
                                (no ring)

@: lethally poisoned (0 -> -13), very slightly contaminated
A: almost no armour, stealthy swim, amphibious, 8 rings, constrict 8, camouflage
1, gelatinous body 1
a: no special abilities


Innate Abilities, Weirdness & Mutations

You cannot wear most types of armour.
You are very stealthy in the water. (Stealth+)
You are amphibious.
You can wear up to eight rings at the same time.
You can use your tentacles to constrict eight enemies at once.
Your skin changes colour to match your surroundings (Stealth+).
Your rubbery body absorbs attacks. (AC +1, EV +1)


   Skills:
 - Level 2.0 Dodging
 - Level 2.6 Stealth
 + Level 4.4 Spellcasting
 + Level 3.5 Conjurations
   Level 1.0 Summonings
 + Level 2.3 Translocations
 + Level 1.8 Fire Magic
 + Level 2.0 Air Magic
 + Level 2.5 Poison Magic


You had 4 spell levels left.
You knew the following spells:

 Your Spells              Type           Power        Failure   Level  Hunger
a - Magic Dart            Conj           ###.         2%          1    None
c - Conjure Flame         Conj/Fire      ###.....     11%         3    ##.....
d - Mephitic Cloud        Conj/Pois/Air  ###.....     11%         3    ##.....
l - Blink                 Tloc           N/A          6%          2    #......

Your spell library contained the following spells:

 Spells                   Type           Power        Failure   Level  Hunger
 Call Imp                 Summ           #.......     11%         2    #......
 Slow                     Hex            #.......     16%         2    #......

Skill      XL: |  1  2  3  4  5  6 |
---------------+-------------------+-----
Conjurations   | 2 3 |  3.5
Spellcasting   | 4 |  4.4
Poison Magic   | 1 2 |  2.5
Air Magic      | 1 2 |  2.0
Fire Magic     | 1 |  1.8
Translocations | 2 |  2.3
Dodging        | |  2.0
Stealth        | |  2.6
Summonings     | |  1.0

Action                   |  1- 3 |  4- 6 || total
-------------------------+-------+-------++-------
Melee: Unarmed           |     9 |       ||     9
       Constrict         |     3 |     9 ||    12
       Tentacles         |     3 |     4 ||     7
       Dagger            |       |    21 ||    21
 Cast: Magic Dart        |    64 |   105 ||   169
       Mephitic Cloud    |       |     6 ||     6
       Conjure Flame     |       |     2 ||     2
  Use: Scroll            |       |     8 ||     8
 Stab: Sleeping          |       |     1 ||     1
       Confused          |       |     1 ||     1
  Eat: Chunk             |     1 |     4 ||     5
       Ration            |       |     1 ||     1
Armor: Skin              |     2 |     2 ||     4
Dodge: Dodged            |    16 |    18 ||    34

Inventory:

Hand Weapons
 k - a +0 dagger of venom (weapon)
Armour
 a - a +0 hat (worn)
Jewellery
 l - an uncursed ring of fire
Scrolls
 f - a scroll of noise {unknown}
 j - 2 scrolls of fear {unknown}
 n - 4 scrolls of remove curse
 t - 2 scrolls of teleportation
 B - 2 scrolls of blinking
Potions
 b - a potion of brilliance {unknown}
 d - a potion of heal wounds {unknown}
 h - a potion of haste
 i - a potion of curing {unknown}
 m - a potion of might
Comestibles
 e - 6 rations


You were on level 4 of the Dungeon.
You were not hungry.

You visited 1 branch of the dungeon, and saw 4 of its levels.

You collected 173 gold pieces.

Dungeon Overview and Level Annotations

Branches:
Dungeon (4/15)             Temple (0/1) D:4

Altars:
Kikubaaqudgha

Annotations:
D:4 3 runed translucent doors, Edmund; Gorice's ghost, novice GnWn

##.#....... ...........
##... # #########.. ##
.... .## # .o....#..##.
.... ...
#.o.wS..#.....#...##..
#o.#.#..#......#.#..#
#S#...#.#...#..#....#..#
#..#w#..#.#..##....#...#
#.....o #.#....g@......#
#..... #....#..@.##..##
###+++ ##...#...g#..#.#
...... .....#..#)#....#
##. . ......##...#..## #
.. ..###........## ...
####.#.#### ....
#....).# .....##.##.###


You could see Edmund and 2 gnolls.

Notes
Turn   | Place    | Note
-------+----------+-------------------------------------------
     0 | D:1      | theanonym the Octopode Wizard began the quest for the Orb.
     0 | D:1      | Reached XP level 1. HP: 11/11 MP: 4/4
   324 | D:1      | Reached XP level 2. HP: 16/17 MP: 0/6
   794 | D:2      | Learned a level 2 spell: Blink
   889 | D:2      | Reached skill level 2 in Conjurations
   889 | D:2      | Reached XP level 3. HP: 21/21 MP: 0/8
  1275 | D:2      | Noticed Terence
  1278 | D:2      | Reached XP level 4. HP: 27/27 MP: 2/9
  1463 | D:2      | Learned a level 3 spell: Mephitic Cloud
  1467 | D:2      | Learned a level 3 spell: Conjure Flame
  1900 | D:2      | Killed Terence
  1990 | D:2      | Reached skill level 4 in Spellcasting
  1990 | D:2      | Reached skill level 3 in Conjurations
  1990 | D:2      | Reached skill level 1 in Poison Magic
  1990 | D:2      | Reached XP level 5. HP: 25/31 MP: 2/11
  2813 | D:4      | Reached skill level 1 in Air Magic
  2825 | D:3      | Reached skill level 1 in Fire Magic
  3196 | D:4      | Noticed an ogre
  3215 | D:4      | Killed an ogre
  3215 | D:4      | Reached skill level 2 in Translocations
  3215 | D:4      | Reached skill level 2 in Poison Magic
  3215 | D:4      | Reached XP level 6. HP: 36/36 MP: 0/12
  3465 | D:4      | Noticed Gorice's ghost (novice GnWn)
  3472 | D:4      | Found a runed translucent gate.
  3472 | D:4      | Found a runed translucent gate.
  3472 | D:4      | Found a runed translucent gate.
  3481 | D:4      | Found an ancient bone altar of Kikubaaqudgha.
  3567 | D:4      | Reached skill level 2 in Air Magic
  3662 | D:4      | Found a staircase to the Ecumenical Temple.
  3669 | D:4      | Noticed Edmund
  3678 | D:4      | HP: 17/36 [poisoned by a gnoll]
  3678 | D:4      | Slain by Edmund

Vanquished Creatures
  2 ogres (D:4)
  3 orc wizards
  Terence (D:2)
  A gnoll (D:4)
  5 adders
  An adder skeleton (D:4)
  2 worms
  A leopard gecko (D:4)
  5 orcs
  3 giant cockroaches (D:2)
  A hobgoblin (D:3)
  6 jackals (D:4)
  2 quokkas
  12 bats
  5 frilled lizards
  8 goblins
  4 kobolds
  8 rats
70 creatures vanquished.

Table legend:
 A = Turns spent in this place as a percentage of turns spent in the entire game.
 B = Non-inter-level travel turns spent in this place as a percentage of non-inter-level travel turns spent in the entire game.
 C = Inter-level travel turns spent in this place as a percentage of turns spent in this place.
 D = Turns resting spent in this place as a percentage of non-inter-level travel turns spent in this place.
 E = Turns spent auto-exploring this place as a percentage of non-inter-level travel turns spent in this place.
 F = Non-inter-level travel turns spent in this place divided by the number of levels of this place that you've seen.
                   A       B       C       D       E      F
               +-------+-------+-------+-------+-------+----------------------
         Total | 100.0 | 100.0 |   3.2 |  35.0 |  54.2 | 890.2
       Dungeon | 100.0 | 100.0 |   3.2 |  35.0 |  54.2 | 890.2
               +-------+-------+-------+-------+-------+----------------------
